 Dungeon Crawl Stone Soup version 0.31-a0-965-g8a8ce12e04 (webtiles) character file.

Game seed: 13711394799798184958

31 Majang the Digger (level 3, 19/19 HPs)
             Began as a Gargoyle Earth Elementalist on Oct 26, 2023.
             Was a Follower of Wu Jian.
             Quit the game on level 2 of the Dungeon.
             The game lasted 00:05:37 (781 turns).

Majang the Digger (Gargoyle Earth Elementalist)      Turns: 781, Time: 00:05:37

Health: 19/19      AC:  5    Str: 11    XL:     3   Next: 22%
Magic:  7/7        EV: 11    Int: 17    God:    Wu Jian [*.....]
Gold:   50         SH:  0    Dex: 10    Spells: 7/8 levels left

rFire   . . .        g - +0 whip
rCold   . . .        (no shield)
rNeg    + . .        a - +0 robe
rPois   ∞            (no helmet)
rElec   +            (no cloak)
rCorr   .            (no gloves)
SInv    .            (no boots)
Will    .....        (no amulet)
Stlth   ++           (no ring)
HPRegen 0.23/turn    (no ring)
MPRegen 0.10/turn

%: no passive effects
@: no status effects
A: sickness immunity, AC +3, negative energy resistance 1, electricity
resistance, torment resistance 1, petrification resistance
a: Renounce Religion


You were on level 2 of the Dungeon.
You worshipped Wu Jian.
Wu Jian was aware of your devotion.
You visited 1 branch of the dungeon, and saw 2 of its levels.

You collected 50 gold pieces.

Inventory:

Hand Weapons
 f - a +0 dagger
 g - a +0 whip (weapon)
Missiles
 d - 2 boomerangs
Armour
 a - a +0 robe (worn)
Scrolls
 c - a scroll of brand weapon {unknown}
 i - a scroll of identify {unknown}
 m - a scroll of teleportation {unknown}
 o - a scroll of vulnerability {unknown}
Potions
 b - a potion of magic
 e - a potion of might {unknown}
 h - a potion of curing {unknown}
 j - a potion of enlightenment {unknown}
 k - a potion of lignification {unknown}
 l - 2 potions of heal wounds {unknown}
 n - a potion of haste {unknown}


   Skills:
 - Level 1.5 Dodging
 - Level 2.1 Stealth
 * Level 3.0 Spellcasting
 - Level 0.7 Transmutations
 + Level 4.2 Earth Magic


You had 7 spell levels left.
You knew the following spells:

 Your Spells              Type           Power      Damage    Failure   Level
a - Sandblast             Erth           32%        2d9       3%          1

Your spell library contained the following spells:

 Spells                   Type           Power      Damage    Failure   Level
 Passwall                 Tmut/Erth      8%         N/A       10%         2
 Stone Arrow              Conj/Erth      18%        3d8       22%         3
 Ignite Poison            Fire/Tmut/Pois 3%         N/A       43%         3
 Volatile Blastmotes      Fire/Tloc      4%         2d10      45%         3
 Petrify                  Tmut/Erth      10%        N/A       54%         4
 Brom's Barrelling Bould  Conj/Erth      9%         2d3       58%         4
 Vhi's Electric Charge    Tloc/Air       4%         N/A       86%         4
 Freezing Cloud           Conj/Ice/Air   1%         6-21      99%         5
 Cigotuvi's Dreadful Rot  Necr/Pois/Air  Unusable   N/A       N/A         2

Dungeon Overview and Level Annotations

Branches:
Dungeon (2/15)

Altars:
Wu Jian

Shops:
D:1 (


Innate Abilities, Weirdness & Mutations

You are immune to sickness and miasma.
Your stone body is resilient. (AC +3)
You are immune to poison.
You resist negative energy. (rN+)
You are resistant to electric shocks. (rElec)
You are resistant to unholy torment.
You are immune to petrification.


Message History

There is an open door here.
Found a scroll labelled CAUHAD TONLUKU.
o - a scroll labelled CAUHAD TONLUKU You see here a bat corpse.
You now have 50 gold pieces (gained 14).
Done exploring.
What level of the Dungeon? (default 1, ? - help)
There is a stone staircase leading down here.
You climb downwards.
There is a stone staircase leading up here.
Found a dagger.
An adder comes into view.
The blast of sand hits the adder.
The adder is heavily wounded.
The adder hisses angrily.
The blast of sand hits the adder.
The adder is heavily wounded.
The adder bites you but does no damage.
The blast of sand hits the adder!
You kill the adder!
Your Spellcasting skill increases to level 3!
You have reached level 3!
Your experience leads to an increase in your attributes!
Increase (S)trength, (I)ntelligence, or (D)exterity?
You feel clever. x2
You start resting.
Magic restored.
Found a faded altar of an unknown god.
There is a faded altar of an unknown god here.
This altar belongs to (a) Vehumet, (b) the Shining One or (c) Wu Jian, but you can't tell which.
Press the corresponding letter to learn more about a god, or press enter to convert or escape to cancel.
Wu Jian accepts your prayer! The Council welcomes you!
You can now perform damaging attacks by moving towards foes.
You can now lightly attack monsters by moving around them.
Are you sure you want to abandon this character and quit the game? (Confirm with "yes".)
Okay, then.
Welcome back, Majang the Gargoyle Earth Elementalist.
The Council says: Follow the path of wisdom and battle!
Press ? for a list of commands and other information.
Are you sure you want to abandon this character and quit the game? (Confirm with "yes".)

###
###########.#
...<#.......#
## #
#####.#####.#
..8# #.....#
#.# .#^#
#.##### #.#
...## #.#
#.### ....#
#.#
#...###....#
#.#
####..@....#
..#
####.....#
### .....#
...#.# .#.# #
. ...# .. ##
# #.


There were no monsters in sight!

Vanquished Creatures
  An adder (D:2)
  2 dart slugs (D:1)
  A giant cockroach (D:1)
  A goblin (D:1)
  A hobgoblin (D:1)
  A quokka (D:1)
  A ball python (D:1)
  2 bats (D:1)
  3 frilled lizards (D:1)
  2 kobolds (D:1)
  5 rats (D:1)
20 creatures vanquished.

Notes
Turn   | Place    | Note
-------+----------+-------------------------------------------
     0 | D:1      | Majang the Gargoyle Earth Elementalist began the quest for
                  | the Orb.
     0 | D:1      | Reached XP level 1. HP: 10/10 MP: 3/3
    28 | D:1      | Found Omeidoh's Weapon Shop.
   241 | D:1      | Reached XP level 2. HP: 15/15 MP: 3/5
   301 | D:1      | Got the Codex of Beyond
   443 | D:1      | Reached skill level 4 in Earth Magic
   707 | D:2      | Reached XP level 3. HP: 19/19 MP: 2/7
   774 | D:2      | Found a faded altar of an unknown god.
   780 | D:2      | Prayed at the altar of an unknown god.
   780 | D:2      | Became a worshipper of the Wu Jian Council
   780 | D:2      | Reached * piety under Wu Jian
   781 | D:2      | Quit the game

Illustrated notes

Levels and vault maps discovered:
D:1:      lemuel_arrival_broad_hall, layout_basic, serial_shops,
          nicolae_shop_crystal, nicolae_concentric_dashed_squares_wild,
          minmay_misc_feat_five, feat_on_display
D:2:      wad_river_or_something, layout_basic, basic_altar, serial_shops, shop,
          shapermc_ecumenical_altar_mp_highgroup,
          chequers_serial_rivers_small_b, interstate_on_off, minmay_distorted,
          uniq_terence

Skill      XL: |  1  2 |
---------------+-------+-----
Earth Magic    | 4 |  4.2
Spellcasting   | 3 |  3.0
Dodging        | |  1.5
Stealth        | |  2.1
Transmutations | |  0.7

Action                     || total
---------------------------++-------
  Melee: Whip              ||     1
   Cast: Sandblast         ||    26
 Armour: Robe              ||    10
  Dodge: Dodged            ||     3

Table legend: (Time is in decaauts)
 A = Elapsed time spent in this place.
 B = Non-inter-level travel time spent in this place.
 C = Inter-level travel time spent in this place.
 D = Time resting spent in this place.
 E = Time spent auto-exploring this place.
 F = Levels seen in this place.
 G = Mean time per level.
                   A        B        C        D        E       F      G
               +--------+--------+--------+--------+--------+-----+--------+
         Total |    792 |    757 |     35 |    245 |     35 |   2 |  396.0 |
       Dungeon |    792 |    757 |     35 |    245 |     35 |   2 |  396.0 |
               +--------+--------+--------+--------+--------+-----+--------+

Top non-repeatable levels by time:
     D:1: 703 daAuts
     D:2: 89 daAuts
